 Dungeon Crawl Stone Soup version 0.19-a0-1007-g133f65f (webtiles) character file.

539 HenryFlower the Insei (level 7, -2/64 HPs)
             Began as an Octopode Transmuter on July 20, 2016.
             Slain by an orc priest (4 damage)
             ... on level 5 of the Dungeon on July 21, 2016.
             The game lasted 00:09:49 (4896 turns).

HenryFlower the Insei (Octopode Transmuter)         Turns: 4896, Time: 00:09:50

Health: -2/64      AC: 23    Str:  7 (10) XL:     7   Next: 26%
Magic:  9/9        EV:  2    Int: 15 (16) God:
Gold:   210        SH:  0    Dex: 14 (16) Spells: 3 memorised, 4 levels left

rFire  . . .     SeeInvis .       - Unarmed
rCold  . . .     Gourm    .     (no shield)
rNeg   + + +     Faith    .     (helmet currently unavailable)
rPois  +         Spirit   .     i - amulet of harm
rElec  .         Dismiss  .     h - ring of resist corrosion
rCorr  +         Reflect  .     l - +3 ring of dexterity
SustAt .         Harm     +     (no ring)
MR     .....     NoTele   +     (no ring)
Stlth  +.........               (no ring)
                                (no ring)
                                (no ring)
                                (no ring)

@: confused, tree-form, very slightly contaminated, hasted, very quick, not
resistant to hostile enchantments, very unstealthy
A: almost no armour, (amphibious), 8 rings, (constrict 8), (large bone plates
0), (camouflage 0), low mp 1, (gelatinous body 0), MP-powered wands
a: no special abilities


You were on level 5 of the Dungeon.
You were hungry.
You were a tree.
You visited 1 branch of the dungeon, and saw 5 of its levels.

You collected 210 gold pieces.

Inventory:

Missiles
 a - 111 arrows
Armour
 o - a +2 hat (melded)
Magical Staves
 y - an uncursed staff of wizardry
Jewellery
 h - a ring of resist corrosion (left branch)
 i - an amulet of harm (around neck)
 l - a +3 ring of dexterity (right branch)
 x - a +2 amulet of reflection {unknown}
Wands
 r - a wand of polymorph (15/24)
 v - a wand of flame (11/48)
 w - a wand of lightning (7/15)
Scrolls
 e - 2 scrolls of random uselessness {unknown}
 g - 2 scrolls of enchant weapon
 k - 2 scrolls of fog {unknown}
 q - a scroll of noise {unknown}
 t - 2 scrolls of identify {unknown}
 z - a scroll of remove curse {unknown}
Potions
 p - a potion of flight
 s - a potion of haste
Books
 b - a book of Changes

   Spells                             Type                      Level
   a - Beastly Appendage              Transmutation                1
   b - Sticks to Snakes               Transmutation                2
   c - Spider Form                    Transmutation/Poison         3
   d - Ice Form                       Ice/Transmutation            4
   e - Blade Hands                    Transmutation                5
Comestibles
 c - 2 bread rations
 f - a royal jelly
 j - 2 meat rations
 m - 3 beef jerkies
 u - 3 fruits


   Skills:
 - Level 1.0 Fighting
 + Level 4.2 Dodging
 * Level 6.2 Unarmed Combat
 - Level 2.0 Spellcasting
 - Level 4.0 Transmutations


You had 4 spell levels left.
You knew the following spells:

 Your Spells              Type           Power        Failure   Level  Hunger
a - Beastly Appendage     Tmut           ##....       4%          1    #......
b - Sticks to Snakes      Tmut           ##......     8%          2    ###....
c - Spider Form           Tmut/Pois      #.........   30%         3    ###....


Dungeon Overview and Level Annotations

Branches:
Dungeon (5/15)
 Temple: D:4-7

Altars:
Nemelex Xobeh
The Shining One

Shops:
D:4 [


Innate Abilities, Weirdness & Mutations

You cannot wear most types of armour.
((You are amphibious.))
You can wear up to eight rings at the same time.
((You can use your tentacles to constrict eight enemies at once.))
((Your skin changes colour to match your surroundings (Stealth+).))
((Your rubbery body absorbs attacks. (AC +1)))
((You are partially covered in large bone plates. (AC +2, SH +2)))
Your magical capacity is low. (-10% MP)
You expend magic power (3 MP) to strengthen your wands.


Message History

The orc priest hits you from afar with a trident.
* * * LOW HITPOINT WARNING * * *
Unknown command.
You swing at nothing.
The orc wizard hits you but does no damage.
You barely miss something.
The orc priest hits you but does no damage.
Something hits you but does no damage.
The orc priest looks braver for a moment.
You swing at nothing.
The orc wizard hits you but does no damage.
The orc priest hits you but does no damage.
You hear some strange, mumbled words.
You are more confused.
You closely miss something.
The orc priest hits you but does no damage.
The orc wizard hits you but does no damage.
You hit the orc priest but do no damage.
The orc priest hits you.
You die...

##### #...#
########...#
########..........#
.#........######...#
........### #...#
..#<....# ######...#
.)#.....###>....♣{####
.............##o.o...#
.##[.<...###.##.o[...#
#.....## #......#
#..≈≈≈≈≈≈≈ #......#
....≈#≈≈≈≈≈# #......#
.###≈#≈###≈# #......#
. #≈#≈≈ ≈# .......#
#≈≈≈≈ ≈ ##......#


You could see 2 orc priests and an orc wizard.

Vanquished Creatures
  Edmund (D:4)
  A giant frog (D:4)
  2 scorpions (D:4)
  A hound (D:3)
  A giant frog skeleton (D:5)
  An orc wizard (D:5)
  Jessica (D:3)
  A worker ant (D:4)
  4 adders
  A worm (D:2)
  A dart slug (D:3)
  4 giant geckos
  9 orcs
  10 bats
  A giant cockroach (D:3)
  8 goblins
  6 hobgoblins
  6 jackals
  2 quokkas
  2 giant newts
  A jackal skeleton (D:4)
  9 kobolds
  A quokka skeleton (D:4)
  2 rats (D:1)
76 creatures vanquished.

Notes
Turn   | Place    | Note
-------+----------+-------------------------------------------
     0 | D:1      | HenryFlower the Octopode Transmuter began the quest for the Orb.
     0 | D:1      | Reached XP level 1. HP: 13/13 MP: 3/3
   207 | D:1      | Reached XP level 2. HP: 10/18 MP: 5/5
   482 | D:1      | Found a sparkling altar of Nemelex Xobeh.
   520 | D:1      | Learned a level 2 spell: Sticks to Snakes
  1142 | D:2      | Reached XP level 3. HP: 17/23 MP: 6/6
  1221 | D:2      | Learned a level 3 spell: Spider Form
  2141 | D:2      | Found a glowing golden altar of the Shining One.
  2339 | D:3      | Reached XP level 4. HP: 22/28 MP: 4/7
  2387 | D:3      | Noticed Jessica
  2403 | D:3      | Killed Jessica
  2410 | D:3      | Reached XP level 5. HP: 22/33 MP: 2/8
  2553 | D:3      | Reached skill level 4 in Unarmed Combat
  3604 | D:4      | Found Imashrycw's Antique Armour Shop.
  3607 | D:4      | Reached XP level 6. HP: 33/38 MP: 7/9
  3710 | D:4      | Reached skill level 5 in Unarmed Combat
  4078 | D:4      | Noticed Edmund
  4092 | D:4      | Killed Edmund
  4470 | D:4      | Reached skill level 6 in Unarmed Combat
  4470 | D:4      | Reached XP level 7. HP: 40/43 MP: 10/10
  4802 | D:5      | Entered Level 5 of the Dungeon
  4879 | D:5      | Gained mutation: Your magical capacity is low. (-10% MP) [potion of mutation]
  4879 | D:5      | Gained mutation: You are partially covered in large bone plates. (AC +2, SH +2) [potion of mutation]
  4879 | D:5      | Gained mutation: You expend magic power (3 MP) to strengthen your wands. [potion of mutation]
  4884 | D:5      | HP: 2/43 [orc wizard/dagger (1)]
  4891 | D:5      | HP: 1/64 [orc priest/trident (2)]
  4896 | D:5      | Slain by an orc priest

Vault maps used:
D:1:      dpeg_arrival_boxorama, minmay_misc_feat_more_columns,
          nemelex_xobeh_ov_fountains_minmay
D:2:      tso_altar, grunt_decor_fettered
D:3:      uniq_jessica
D:4:      serial_shops, shop, first_bread, uniq_edmund
D:5:      serial_shops, shop_scrolls, basic_altar, minmay_crystal_water,
          uniq_pikel

Skill      XL: |  1  2  3  4  5  6 |
---------------+-------------------+-----
Transmutations | 3 4 |  4.0
Unarmed Combat | 4 6 |  6.2
Dodging        | 3 4 |  4.2
Fighting       | |  1.0
Spellcasting   | |  2.0

Action                   |  1- 3 |  4- 6 |  7- 9 || total
-------------------------+-------+-------+-------++-------
Melee: Unarmed           |    95 |    98 |    17 ||   210
       Constrict         |    21 |    17 |     2 ||    40
       Tentacles         |    18 |    10 |     2 ||    30
       Punch             |       |     5 |     1 ||     6
 Cast: Spider Form       |     2 |     7 |       ||     9
  Use: Potion            |     2 |     1 |     4 ||     7
       Scroll            |       |     1 |       ||     1
 Stab: Sleeping          |     8 |     5 |     1 ||    14
  Eat: Chunk             |     4 |     8 |     1 ||    13
Armor: Skin              |    14 |    10 |    19 ||    43
Dodge: Dodged            |    63 |    78 |     7 ||   148
Block: Other             |       |       |     1 ||     1
